TOP OF THE 1ST |
Havana Rollers batting - Pitching for Tuscaloosa Trout Slayers : RHP John Jones
|
Pitching: RHP John Jones
|
|
Batting: RHB Jesús Villalobos
|
0-0: Ball 1-0: Foul Ball, location: 2F 1-1: Ball 2-1: Ground out 5-3 (Groundball, 5S)
|
Batting: RHB Francisco Rincón
|
0-0: Ball 1-0: Called Strike 1-1: Foul Ball, location: 2F 1-2: Strikes out looking
|
Batting: SHB Pepe Piña
|
0-0: Ball 1-0: Ball 2-0: Ball 3-0: Base on Balls
|
Batting: RHB Brant Sherman
|
0-0: Ball 1-0: Ball 2-0: Called Strike 2-1: Called Strike 2-2: Strikes out looking
|
Top of the 1st over - 0 run(s), 0 hit(s), 0 error(s), 1 left on base; Havana 0 - Tuscaloosa 0 |
BOTTOM OF THE 1ST |
Tuscaloosa Trout Slayers batting - Pitching for Havana Rollers : RHP Jason Drake
|
Pitching: RHP Jason Drake
|
|
Batting: RHB Alfredo Díaz
|
0-0: Swinging Strike 0-1: Ball 1-1: Swinging Strike 1-2: SOLO HOME RUN (Flyball, 7LD), Distance : 349 ft
|
Batting: RHB José Fernández
|
0-0: Ball 1-0: Ball 2-0: Ball 3-0: Base on Balls
|
Batting: LHB Marcos Villarreal
|
0-0: Called Strike 0-1: Called Strike 0-2: Ball 1-2: Fly out, F8 (Flyball, 8LD)
|
Batting: LHB Ed Hart
|
0-0: Called Strike 0-1: Ball 1-1: Foul Ball, location: 2F 1-2: Ball 2-2: Strikes out swinging
|
Batting: RHB Jason Erickson
|
0-0: Foul Ball, location: 2F 0-1: SINGLE (Line Drive, 8LS) José Fernández to second Runner from 2nd tries for 3rd, SAFE, throw made to third
|
Batting: RHB Claudio Gonzáles
|
0-0: DOUBLE (Flyball, 8RD) José Fernández scores Jason Erickson to third Runner from 3rd tries for Home, throw and OUT!
|
Bottom of the 1st over - 2 run(s), 3 hit(s), 0 error(s), 1 left on base; Havana 0 - Tuscaloosa 2 |
TOP OF THE 2ND |
Havana Rollers batting - Pitching for Tuscaloosa Trout Slayers : RHP John Jones
|
Batting: RHB León Rivera
|
0-0: Ball 1-0: Swinging Strike 1-1: Swinging Strike 1-2: Strikes out looking
|
Batting: LHB Zhi-huan Loong
|
0-0: Called Strike 0-1: Foul Ball, location: 2F 0-2: Strikes out swinging, 2-3 out at first.
|
Batting: RHB Soshu Nakamura
|
0-0: Ground out 5-3 (Groundball, 56)
|
Top of the 2nd over - 0 run(s), 0 hit(s), 0 error(s), 0 left on base; Havana 0 - Tuscaloosa 2 |
BOTTOM OF THE 2ND |
Tuscaloosa Trout Slayers batting - Pitching for Havana Rollers : RHP Jason Drake
|
Batting: RHB César Reyes
|
0-0: Ball 1-0: Ball 2-0: Ground out 5-3 (Groundball, 56)
|
Batting: RHB Jason Saunders
|
0-0: Ball 1-0: Swinging Strike 1-1: Ball 2-1: Ball 3-1: Called Strike 3-2: Fly out, F9 (Line Drive, 9S)
|
Batting: RHB Tetsunori Ito
|
0-0: Ball 1-0: Ball 2-0: Foul Ball, location: 2F 2-1: Called Strike 2-2: Strikes out swinging
|
Bottom of the 2nd over - 0 run(s), 0 hit(s), 0 error(s), 0 left on base; Havana 0 - Tuscaloosa 2 |
TOP OF THE 3RD |
Havana Rollers batting - Pitching for Tuscaloosa Trout Slayers : RHP John Jones
|
Batting: RHB Mitsuharu Matsumoto
|
0-0: Ball 1-0: Ball 2-0: Foul Ball, location: 2F 2-1: Ball 3-1: Foul Ball, location: 2F 3-2: Fly out, F7 (Flyball, 7S)
|
Batting: LHB Enrique Cortéz
|
0-0: Fly out, F9 (Flyball, 9)
|
Batting: RHB Jesús Villalobos
|
0-0: Ball 1-0: Ball 2-0: Foul Ball, location: 2F 2-1: Called Strike 2-2: Fly out, F8 (Flyball, 78M)
|
Top of the 3rd over - 0 run(s), 0 hit(s), 0 error(s), 0 left on base; Havana 0 - Tuscaloosa 2 |
BOTTOM OF THE 3RD |
Tuscaloosa Trout Slayers batting - Pitching for Havana Rollers : RHP Jason Drake
|
Batting: RHB Alfredo Díaz
|
0-0: Called Strike 0-1: Ground out 6-3 (Groundball, 56)
|
Batting: RHB José Fernández
|
0-0: DOUBLE (Line Drive, 8LD)
|
Batting: LHB Marcos Villarreal
|
0-0: Called Strike 0-1: Called Strike 0-2: Foul Ball, location: 2F 0-2: Ball 1-2: Ball 2-2: Ball 3-2: Foul Ball, location: 2F 3-2: DOUBLE (Flyball, 9LM) José Fernández scores
|
Batting: LHB Ed Hart
|
0-0: Ball 1-0: Swinging Strike 1-1: Ball 2-1: 2-RUN HOME RUN (Flyball, 9LD), Distance : 378 ft
|
Batting: RHB Jason Erickson
|
0-0: Foul Ball, location: 2F 0-1: Swinging Strike 0-2: Ground out 4-3 (Groundball, 4)
|
Batting: RHB Claudio Gonzáles
|
0-0: Called Strike 0-1: Ball 1-1: SINGLE (Groundball, 6MD)
|
Batting: RHB César Reyes
|
0-0: Called Strike 0-1: Swinging Strike 0-2: Strikes out swinging
|
Bottom of the 3rd over - 3 run(s), 4 hit(s), 0 error(s), 1 left on base; Havana 0 - Tuscaloosa 5 |
TOP OF THE 4TH |
Havana Rollers batting - Pitching for Tuscaloosa Trout Slayers : RHP John Jones
|
Batting: RHB Francisco Rincón
|
0-0: Fly out, F7 (Line Drive, 7)
|
Batting: SHB Pepe Piña
|
0-0: Called Strike 0-1: SOLO HOME RUN (Flyball, 89XD), Distance : 401 ft
|
Batting: RHB Brant Sherman
|
0-0: Swinging Strike 0-1: Ball 1-1: Swinging Strike 1-2: Strikes out swinging
|
Batting: RHB León Rivera
|
0-0: Foul Ball, location: 2F 0-1: Ball 1-1: Foul Ball, location: 2F 1-2: Strikes out swinging
|
Top of the 4th over - 1 run(s), 1 hit(s), 0 error(s), 0 left on base; Havana 1 - Tuscaloosa 5 |
BOTTOM OF THE 4TH |
Tuscaloosa Trout Slayers batting - Pitching for Havana Rollers : RHP Jason Drake
|
Batting: RHB Jason Saunders
|
0-0: Called Strike 0-1: Called Strike 0-2: Strikes out swinging
|
Batting: RHB Tetsunori Ito
|
0-0: Ball 1-0: Ball 2-0: Called Strike 2-1: Foul Ball, location: 2F 2-2: Ball 3-2: Strikes out swinging
|
Batting: RHB Alfredo Díaz
|
0-0: Called Strike 0-1: Ball 1-1: Ball 2-1: Ball 3-1: Base on Balls
|
Batting: RHB José Fernández
|
0-0: Swinging Strike 0-1: Ball 1-1: Foul Ball, location: 2F 1-2: Ball 2-2: Strikes out swinging
|
Bottom of the 4th over - 0 run(s), 0 hit(s), 0 error(s), 1 left on base; Havana 1 - Tuscaloosa 5 |
TOP OF THE 5TH |
Havana Rollers batting - Pitching for Tuscaloosa Trout Slayers : RHP John Jones
|
Batting: LHB Zhi-huan Loong
|
0-0: Ball 1-0: Foul Ball, location: 2F 1-1: Ball 2-1: Ground out 6-3 (Groundball, 6S)
|
Batting: RHB Soshu Nakamura
|
0-0: Fly out, F8 (Line Drive, 78M)
|
Batting: RHB Mitsuharu Matsumoto
|
0-0: Foul Ball, location: 2F 0-1: Foul Ball, location: 2F 0-2: Strikes out looking
|
Top of the 5th over - 0 run(s), 0 hit(s), 0 error(s), 0 left on base; Havana 1 - Tuscaloosa 5 |
BOTTOM OF THE 5TH |
Tuscaloosa Trout Slayers batting - Pitching for Havana Rollers : RHP Jason Drake
|
Pitching: LHP Mike Doss
|
|
Batting: LHB Marcos Villarreal
|
0-0: Ball 1-0: Fly out, F7 (Flyball, 7S)
|
Batting: LHB Ed Hart
|
0-0: Foul Ball, location: 2F 0-1: Ball 1-1: SINGLE (Flyball, 8LM)
|
Batting: RHB Jason Erickson
|
0-0: Fly out, F8 (Flyball, 89M)
|
Batting: RHB Claudio Gonzáles
|
0-0: Called Strike 0-1: Ball 1-1: Fielders Choice at 2nd, 5-4 (Groundball, 5)
|
Bottom of the 5th over - 0 run(s), 1 hit(s), 0 error(s), 0 left on base; Havana 1 - Tuscaloosa 5 |
TOP OF THE 6TH |
Havana Rollers batting - Pitching for Tuscaloosa Trout Slayers : RHP John Jones
|
Batting: LHB Enrique Cortéz
|
0-0: Ball 1-0: Ball 2-0: Foul Ball, location: 2F 2-1: Swinging Strike 2-2: Ball 3-2: Strikes out swinging
|
Batting: RHB Jesús Villalobos
|
0-0: Called Strike 0-1: Called Strike 0-2: SINGLE (Line Drive, 6MD)
|
Batting: RHB Francisco Rincón
|
0-0: Called Strike 0-1: Ball 1-1: Grounds into double play, 4-6-3 (Groundball, 4)
|
Top of the 6th over - 0 run(s), 1 hit(s), 0 error(s), 0 left on base; Havana 1 - Tuscaloosa 5 |
BOTTOM OF THE 6TH |
Tuscaloosa Trout Slayers batting - Pitching for Havana Rollers : LHP Mike Doss
|
Batting: RHB César Reyes
|
0-0: Ball 1-0: Called Strike 1-1: Called Strike 1-2: Fly out, F7 (Flyball, 7LM)
|
Batting: RHB Jason Saunders
|
0-0: Ball 1-0: Foul Ball, location: 2F 1-1: Foul Ball, location: 2F 1-2: Ball 2-2: SINGLE (Groundball, 56D)
|
Batting: RHB Tetsunori Ito
|
0-0: Called Strike 0-1: Swinging Strike 0-2: Strikes out swinging
|
Batting: RHB Alfredo Díaz
|
0-0: Ball 1-0: Foul Ball, location: 2F 1-1: Foul Ball, location: 2F 1-2: Ball 2-2: Ball 3-2: Strikes out swinging
|
Bottom of the 6th over - 0 run(s), 1 hit(s), 0 error(s), 1 left on base; Havana 1 - Tuscaloosa 5 |
TOP OF THE 7TH |
Havana Rollers batting - Pitching for Tuscaloosa Trout Slayers : RHP John Jones
|
Batting: SHB Pepe Piña
|
0-0: Foul Ball, location: 2F 0-1: SINGLE (Line Drive, 89M)
|
Batting: RHB Brant Sherman
|
0-0: Ball 1-0: Ball 2-0: Called Strike 2-1: Ground out 5-3 (Groundball, 56S) Pepe Piña to second
|
Batting: RHB León Rivera
|
0-0: Ball 1-0: Foul Ball, location: 2F 1-1: Swinging Strike 1-2: SINGLE (Groundball, 56S) (infield hit) Pepe Piña to third
|
Batting: LHB Zhi-huan Loong
|
0-0: Ball 1-0: Fielders Choice at 2nd, 6-4 (Groundball, 6) Pepe Piña scores
|
Batting: RHB Soshu Nakamura
|
0-0: Called Strike Zhi-huan Loong steals 2nd base 0-1: Ball 1-1: Swinging Strike 1-2: SINGLE (Flyball, 78S) Zhi-huan Loong to third Runner from 3rd tries for Home, SAFE, no throw
|
Batting: RHB Mitsuharu Matsumoto
|
0-0: Ball 1-0: Ball 2-0: Called Strike 2-1: Foul Ball, location: 2F 2-2: Foul Ball, location: 2F 2-2: Fly out, F8 (Flyball, 8LS)
|
Top of the 7th over - 2 run(s), 3 hit(s), 0 error(s), 1 left on base; Havana 3 - Tuscaloosa 5 |
BOTTOM OF THE 7TH |
Tuscaloosa Trout Slayers batting - Pitching for Havana Rollers : LHP Mike Doss
|
Batting: RHB José Fernández
|
0-0: Called Strike 0-1: Ball 1-1: Ball 2-1: Foul Ball, location: 2F 2-2: Strikes out swinging
|
Batting: LHB Marcos Villarreal
|
0-0: Ball 1-0: Foul Ball, location: 2F 1-1: Ball 2-1: SINGLE (Line Drive, 8LS)
|
Batting: LHB Ed Hart
|
0-0: Called Strike 0-1: Foul Ball, location: 2F 0-2: Fielders Choice at 2nd, 3-6 (Groundball, 3)
|
Batting: RHB Jason Erickson
|
0-0: Ball 1-0: Ball 2-0: Ball 3-0: Base on Balls Ed Hart to second
|
Batting: RHB Claudio Gonzáles
|
0-0: Fly out, F9 (Flyball, 9LDF)
|
Bottom of the 7th over - 0 run(s), 1 hit(s), 0 error(s), 2 left on base; Havana 3 - Tuscaloosa 5 |
TOP OF THE 8TH |
Havana Rollers batting - Pitching for Tuscaloosa Trout Slayers : RHP John Jones
|
Now in LF: Lynn Ford
|
|
Batting: LHB Enrique Cortéz
|
0-0: Called Strike 0-1: Ball 1-1: Called Strike 1-2: Ground out 2-3 (Groundball, 2L)
|
Batting: RHB Jesús Villalobos
|
0-0: Swinging Strike 0-1: Fly out, F7 (Flyball, 78M)
|
Batting: RHB Francisco Rincón
|
0-0: Ball 1-0: Called Strike 1-1: Ground out 1-3 (Groundball, 13)
|
Top of the 8th over - 0 run(s), 0 hit(s), 0 error(s), 0 left on base; Havana 3 - Tuscaloosa 5 |
BOTTOM OF THE 8TH |
Tuscaloosa Trout Slayers batting - Pitching for Havana Rollers : LHP Mike Doss
|
Pitching: RHP Brad Sharpe
|
|
Batting: RHB César Reyes
|
0-0: SINGLE (Flyball, 7S)
|
Batting: RHB Jason Saunders
|
0-0: Ball 1-0: Bunt missed! 1-1: Ball 2-1: Ball 3-1: Sac Bunt - play at first, batter OUT! 1-4 César Reyes to second
|
Batting: RHB Tetsunori Ito
|
0-0: Ball 1-0: Fly out, F4 (Line Drive, 4) Lined into DP, 4-6 (Line Drive, 4)
|
Bottom of the 8th over - 0 run(s), 1 hit(s), 0 error(s), 0 left on base; Havana 3 - Tuscaloosa 5 |
TOP OF THE 9TH |
Havana Rollers batting - Pitching for Tuscaloosa Trout Slayers : RHP John Jones
|
Pitching: LHP Aaron Gibbs
|
|
Batting: SHB Pepe Piña
|
0-0: Called Strike 0-1: Ball 1-1: Ball 2-1: Ball 3-1: Swinging Strike 3-2: Ground out 6-3 (Groundball, 6)
|
Batting: RHB Brant Sherman
|
0-0: Called Strike 0-1: Ball 1-1: Ground out U3 (Groundball, 34S)
|
Batting: RHB León Rivera
|
0-0: Ball 1-0: Swinging Strike 1-1: Swinging Strike 1-2: Strikes out swinging
|
Top of the 9th over - 0 run(s), 0 hit(s), 0 error(s), 0 left on base; Havana 3 - Tuscaloosa 5 |
|